 Dungeon Crawl Stone Soup version 0.26.1-11-gd32895ea62 (webtiles) character file.

Game seed: 4527482351398301101

44 hawla the Digger (level 3, 0/20 HPs)
             Began as a Deep Elf Earth Elementalist on July 14, 2021.
             Slain by an adder (3 damage)
             ... on level 2 of the Dungeon.
             The game lasted 00:04:50 (1749 turns).

hawla the Digger (Deep Elf Earth Elementalist)      Turns: 1749, Time: 00:04:50

Health: 0/20       AC:  2    Str:  2 (5)  XL:     3   Next: 41%
Magic:  6/10       EV: 13    Int: 18 (20) God:
Gold:   85         SH:  0    Dex: 13 (15) Spells: 5/9 levels left

rFire    . . .     SeeInvis .   (no weapon)
rCold    . . .     Faith    .   (no shield)
rNeg     . . .     Spirit   .   c - +0 robe
rPois    .         Reflect  .   (no helmet)
rElec    .         Harm     .   (no cloak)
rCorr    .         Rampage  .   (no gloves)
Will     .....                  (no boots)
Stlth    ++........             (no amulet)
HPRegen  0.06/turn              (no ring)
MPRegen  0.12/turn              (no ring)

@: lethally poisoned (0 -> -6), flying, very slightly contaminated
A: no striking features
a: no special abilities


You were on level 2 of the Dungeon.
You visited 1 branch of the dungeon, and saw 2 of its levels.

You collected 85 gold pieces.

Inventory:

Missiles
 b - 23 stones (quivered)
Armour
 c - a +0 robe (worn)
Scrolls
 d - a scroll of identify
 f - a scroll of fog
 g - a scroll of noise {unknown}


   Skills:
 + Level 0.7 Fighting
 - Level 2.4 Dodging
 - Level 2.5 Stealth
 - Level 3.6 Spellcasting
 + Level 1.7 Transmutations
 + Level 4.0 Earth Magic


You had 5 spell levels left.
You knew the following spells:

 Your Spells              Type           Power        Failure   Level
a - Sandblast             Erth           34%          3%          1
b - Stone Arrow           Conj/Erth      20%          21%         3

Your spell library contained the following spells:

 Spells                   Type           Power        Failure   Level
 Passwall                 Tmut/Erth      10%          7%          2
 Petrify                  Tmut/Erth      13%          41%         4
 Lee's Rapid Deconstruct  Erth           8%           63%         5


Dungeon Overview and Level Annotations

Branches:
Dungeon (2/15)

Altars:
Fedhas


Message History

Aim: an adder (34% to evade)
The blast of sand hits the adder.
The adder is heavily wounded.
b - 23 stones The adder barely misses you.
It was a potion of degeneration.
There was something very wrong with that liquid.
You feel weakened.
You feel dopey.
You feel clumsy. The adder bites you.
* * * LOW HITPOINT WARNING * * *
You are lethally poisoned!
The adder poisons you!
You aren't carrying any potions.
Unknown command.
As you read the scroll labelled QUARES IGODUC, it crumbles to dust.
It is a scroll of identify.
f - a scroll of fog
* * * LOW HITPOINT WARNING * * *
You feel sick. The adder bites you.
You die...

#.# ##'# #... #...
#[..
################'#
#................#
#.################
#@# #S# #l# ###
#r# ..
######g##!######
#......w)#.......
#$...........g.)#
#....≈..≈.#..<..+
#.....≈≈≈≈# ....#


You could see a worm, an adder, a quokka, a goblin and a frilled lizard.

Vanquished Creatures
  A dart slug (D:1)
  2 leopard geckos
  A ball python (D:1)
  A giant cockroach (D:1)
  8 goblins
  7 hobgoblins
  4 jackals (D:1)
  2 kobolds (D:1)
  3 bats (D:1)
  2 frilled lizards
  2 rats
33 creatures vanquished.

Vanquished Creatures (others)
  A plant (D:1)
1 creature vanquished.

Grand Total: 34 creatures vanquished

Notes
Turn   | Place    | Note
-------+----------+-------------------------------------------
     0 | D:1      | hawla the Deep Elf Earth Elementalist began the quest for
                  | the Orb.
     0 | D:1      | Reached XP level 1. HP: 10/10 MP: 6/6
   339 | D:1      | Reached XP level 2. HP: 15/15 MP: 6/8
  1300 | D:1      | Reached XP level 3. HP: 20/20 MP: 8/10
  1528 | D:1      | Reached skill level 4 in Earth Magic
  1532 | D:1      | Learned a level 3 spell: Stone Arrow
  1734 | D:2      | Found a blossoming altar of Fedhas.
  1749 | D:2      | Slain by an adder

Illustrated notes

Levels and vault maps discovered:
D:1:      eino_arrival_druids_welcome, layout_basic, minmay_misc_feat_ornament,
          hangedman_decor_clover_reticule
D:2:      layout_basic, overflow_temple_1_default, fedhas_altar_2, uniq_robin,
          uniq_sigmund

Skill      XL: |  1  2  3 |
---------------+----------+-----
Earth Magic    | 4 |  4.0
Fighting       | |  0.7
Dodging        | |  2.4
Stealth        | |  2.5
Spellcasting   | |  3.6
Transmutations | |  1.7

Action                   || total
-------------------------++-------
Melee: Unarmed           ||     4
 Cast: Sandblast         ||    44
       Stone Arrow       ||     3
  Use: Potion            ||     2
       Scroll            ||     1
Armor: Robe              ||     9
Dodge: Dodged            ||    15
